 Dungeon Crawl Stone Soup version 0.20.1-1-g8b1a95d (webtiles) character file.

798 Xtrian the Sneak (level 7, -1/57 HPs)
             Began as a Naga Enchanter on Aug 24, 2017.
             Was an Initiate of Sif Muna.
             Slain by a worker ant (4 damage)
             ... on level 4 of the Dungeon.
             The game lasted 01:15:58 (6946 turns).

Xtrian the Sneak (Naga Enchanter)                   Turns: 6946, Time: 01:15:58

Health: -1/57      AC:  4    Str: 11    XL:     7   Next: 90%
Magic:  8/11       EV: 10    Int: 17    God:    Sif Muna [......]
Gold:   180        SH:  0    Dex: 14    Spells: 5/12 levels left

rFire    . . .     SeeInvis +   F - +1 short sword (freeze)
rCold    x . .     Gourm    .   (no shield)
rNeg     + + .     Faith    .   x - +1 robe
rPois    +         Spirit   .   (no helmet)
rElec    +         Reflect  .   (no cloak)
rCorr    .         Harm     .   (no gloves)
MR       .....                  (no barding)
Stlth    +++++.....             (no amulet)
Regen    0.2/turn               y - ring of positive energy
MPRegen  0.2/turn               G - ring "Jiunuir Itsa" {rElec rC- rN+ Dex+3 Stlth+}

@: very slow
A: see invisible, deformed body, poison resistance, slowness 2, slow metabolism
1, spit poison 1, AC +2
a: Spit Poison, Renounce Religion


You were on level 4 of the Dungeon.
You worshipped Sif Muna.
Sif Muna was noncommittal.
You were hungry.

You visited 2 branches of the dungeon, and saw 6 of its levels.

You collected 180 gold pieces.

Inventory:

Hand Weapons
 a - a +1 dagger
 l - a +0 short sword of venom
 F - a +1 short sword of freezing (weapon)
Missiles
 e - 185 stones (quivered)
 n - 31 sling bullets
 u - 15 poisoned needles
 v - 21 arrows
Armour
 b - a +0 robe
 p - a +0 robe
 s - a +0 robe
 x - a +1 robe (worn)
 C - a +0 scale mail
Jewellery
 y - a ring of positive energy (left hand)
 G - the ring "Jiunuir Itsa" (right hand) {rElec rC- rN+ Dex+3 Stlth+}
   (You found it on level 5 of the Dungeon)

   [ring of positive energy]

   It affects your dexterity (+3).
   It makes you vulnerable to cold.
   It insulates you from electricity.
   It protects you from negative energy.
   It makes you more stealthy.
Wands
 j - a wand of polymorph (12/24)
 w - a wand of flame (20/48)
 B - a wand of enslavement (11/24)
Scrolls
 f - 3 scrolls of amnesia
 h - 3 scrolls of teleportation
 i - 5 scrolls of remove curse
 m - 2 scrolls of enchant armour
 r - 3 scrolls of identify
 t - a scroll of enchant weapon
 E - a scroll of recharging
Potions
 g - 4 potions of curing
 o - a potion of invisibility {unknown}
 q - 2 potions of flight {unknown}
 z - a potion of brilliance {unknown}
 A - a potion of magic {unknown}
Books
 c - a book of Maledictions

   Spells                             Type                      Level
   a - Corona                         Hexes                        1
   b - Ensorcelled Hibernation        Hexes/Ice                    2
   c - Confuse                        Hexes                        3
   d - Tukima's Dance                 Hexes                        3
   e - Dazzling Spray                 Conjuration/Hexes            3
Comestibles
 d - 2 bread rations
 k - 4 fruits


   Skills:
 - Level 1.2 Fighting
 + Level 4.2 Short Blades
 - Level 1.6 Dodging
 * Level 7.5 Stealth
 - Level 3.0 Spellcasting
 + Level 6.2 Hexes


You had 5 spell levels left.
You knew the following spells:

 Your Spells              Type           Power        Failure   Level  Hunger
a - Corona                Hex            ###....      1%          1    None
b - Confuse               Hex            ###.....     4%          3    ###....
c - Tukima's Dance        Hex            ###.....     4%          3    ###....


Dungeon Overview and Level Annotations

Branches:
Dungeon (5/15)             Temple (1/1) D:5

Altars:
Ashenzari
Cheibriados
Dithmenos
Elyvilon
Fedhas
Gozag
Hepliaklqana
Kikubaaqudgha
Makhleb
Nemelex Xobeh
Okawaru
Qazlal
Ru
Sif Muna
Trog
Uskayaw
Xom
Yredelemnul
Zin
The Shining One

Annotations:
D:4 Berahthraban's ghost, amateur DgTm


Innate Abilities, Weirdness & Mutations

You cannot wear boots.
Your serpentine skin is tough. (AC +2)
You have supernaturally acute eyesight. (SInv)
Armour fits poorly on your strangely shaped body.
Your system is resistant to poisons. (rPois)
You cover ground very slowly.
You have a slow metabolism.
You can spit poison.


Message History

The worker ant bites you.
* * * LOW HITPOINT WARNING * * *
Press: ? - help, Shift-Dir - straight line, f - worker ant
Aim: a worker ant The splash of poison hits the worker ant.
The worker ant is heavily wounded.
You feel slightly more hungry. The worker ant bites you.
* * * LOW HITPOINT WARNING * * *
You hit the worker ant. You freeze the worker ant.
The worker ant is almost dead.
The worker ant bites you.
* * * LOW HITPOINT WARNING * * *
You closely miss the worker ant.
The worker ant is almost dead.
The worker ant barely misses you.
You barely miss the worker ant.
The worker ant is almost dead.
You have got your breath back.
The worker ant closely misses you. The worker ant bites you.
You die...

#.# #.....# #.#
####.# #.....# #.#
#....# #.....# #.#
#.#### #.....# #.#
#.# #.....# #.# #.#
####### #.. #.# ###
##a## # #..@###### #
#.†......########
#...####.......>####
##### ########.....
######


You could see a worker ant.

Vanquished Creatures
  A hippogriff (D:4)
  An ogre (D:5)
  A phantom (D:4)
  2 crimson imps
  2 orc priests
  3 orc wizards
  Jessica (D:2)
  Ijyb (D:3)
  A worker ant (D:4)
  A gnoll (D:5)
  7 adders
  A shadow imp (D:5)
  2 oozes
  2 worms
  2 dart slugs
  6 leopard geckos
  9 orcs
  6 ball pythons
  7 bats
  6 giant cockroaches
  4 goblins (D:1)
  8 hobgoblins
  6 jackals
  2 quokkas
  6 frilled lizards
  A jackal skeleton (D:4)
  7 kobolds
  A quokka skeleton (D:3)
  A quokka zombie (D:5)
  14 rats
  5 bushes (D:1)
  A plant (D:1)
118 creatures vanquished.

Vanquished Creatures (collateral kills)
  2 orcs (D:4)
  A goblin (D:2)
3 creatures vanquished.

Vanquished Creatures (others)
  2 dancing weapons (D:5)
2 creatures vanquished.

Grand Total: 123 creatures vanquished

Notes
Turn   | Place    | Note
-------+----------+-------------------------------------------
     0 | D:1      | Xtrian the Naga Enchanter began the quest for the Orb.
     0 | D:1      | Reached XP level 1. HP: 15/15 MP: 3/3
   251 | D:1      | Reached XP level 2. HP: 20/22 MP: 5/5
   474 | D:1      | Reached skill level 1 in Fighting
   531 | D:1      | Reached skill level 5 in Stealth
   718 | D:1      | Reached XP level 3. HP: 29/31 MP: 6/6
   723 | D:1      | Learned a level 3 spell: Confuse
  1474 | D:1      | Reached XP level 4. HP: 35/38 MP: 1/7
  1479 | D:1      | Learned a level 3 spell: Tukima's Dance
  2345 | D:2      | Reached XP level 5. HP: 42/44 MP: 8/8
  2513 | D:2      | Found an iron altar of Okawaru.
  2699 | D:2      | Noticed Jessica
  2710 | D:2      | Killed Jessica
  2710 | D:2      | Reached skill level 5 in Hexes
  2946 | D:3      | Noticed Ijyb
  3183 | D:3      | Found a blossoming altar of Fedhas.
  3264 | D:3      | Found a burning altar of Makhleb.
  3574 | D:3      | Reached XP level 6. HP: 51/51 MP: 9/9
  3827 | D:3      | Killed Ijyb
  3954 | D:3      | Found a deep blue altar of Sif Muna.
  3960 | D:3      | Became a worshipper of Sif Muna the Loreminder
  3989 | D:4      | Noticed Berahthraban's ghost (amateur DgTm)
  4007 | D:4      | HP: 2/51 [Berahthraban's ghost (1)]
  4371 | D:4      | Noticed a hippogriff
  4464 | D:4      | Killed a hippogriff
  4464 | D:4      | Reached XP level 7. HP: 57/57 MP: 6/10
  4920 | D:4      | Reached skill level 6 in Stealth
  6374 | D:5      | Entered Level 5 of the Dungeon
  6503 | D:5      | Found a shadowy altar of Dithmenos.
  6553 | D:5      | Got a faintly glowing marble ring
  6554 | D:5      | Identified the ring "Jiunuir Itsa" {rElec rC- rN+ Dex+3 Stlth+} (You found it on level 5 of the Dungeon)
  6604 | D:5      | Reached skill level 7 in Stealth
  6637 | D:5      | Found a staircase to the Ecumenical Temple.
  6647 | Temple   | Entered the Ecumenical Temple
  6946 | D:4      | Slain by a worker ant

Skill      XL: |  1  2  3  4  5  6  7 |
---------------+----------------------+-----
Fighting       | 1 |  1.2
Stealth        | 5 7 |  7.5
Hexes          | 4 5 6 |  6.2
Short Blades   | 2 3 4 |  4.2
Spellcasting   | 3 |  3.0
Dodging        | |  1.6

Action                   |  1- 3 |  4- 6 |  7- 9 || total
-------------------------+-------+-------+-------++-------
Melee: Dagger            |    24 |       |       ||    24
       Short sword       |    83 |   335 |   132 ||   550
Throw: Stone             |     2 |    15 |    25 ||    42
 Cast: Corona            |     1 |       |     2 ||     3
       Confuse           |     6 |    17 |    21 ||    44
       Tukima's Dance    |       |     5 |     6 ||    11
 Abil: Spit Poison       |    13 |    23 |    11 ||    47
  Use: Scroll            |       |     5 |     3 ||     8
       Potion            |       |       |     2 ||     2
 Stab: Sleeping          |     8 |     9 |     8 ||    25
       Confused          |     2 |     3 |     5 ||    10
       Distracted        |       |       |     2 ||     2
  Eat: Chunk             |     2 |    11 |     4 ||    17
       Royal jelly       |       |     1 |       ||     1
       Bread ration      |       |       |     1 ||     1
       Fruit             |       |       |     1 ||     1
Armor: Robe              |     6 |    38 |    21 ||    65
Dodge: Dodged            |    25 |    67 |    71 ||   163
